 Dungeon Crawl Stone Soup version 0.23.2-40-g277498a (webtiles) character file.

Game seed: 16521663730101773098

186 Balder the Skirmisher (level 5, -1/70 HPs)
             Began as a Hill Orc Fighter on Aug 20, 2019.
             Slain by an adder (2 damage)
             ... on level 3 of the Dungeon.
             The game lasted 00:06:29 (2374 turns).

Balder the Skirmisher (Hill Orc Fighter)            Turns: 2374, Time: 00:06:30

Health: -1/70      AC:  7    Str: 24    XL:     5   Next: 65%
Magic:  5/5        EV:  7    Int:  8    God:
Gold:   91         SH: 10    Dex: 11    Spells: 4/4 levels left

rFire    . . .     SeeInvis .   a - +0 war axe
rCold    . . .     Gourm    .   c - +0 shield
rNeg     . . .     Faith    .   b - +0 scale mail
rPois    .         Spirit   .   (no helmet)
rElec    .         Reflect  .   (no cloak)
rCorr    .         Harm     .   (no gloves)
MR       .....                  (no boots)
Stlth    ..........             (no amulet)
HPRegen  0.21/turn              (no ring)
MPRegen  0.09/turn              (no ring)

@: berserking, very quick
A: no striking features
a: Convert to Beogh


You were on level 3 of the Dungeon.
You were not hungry.

You visited 1 branch of the dungeon, and saw 3 of its levels.

You collected 91 gold pieces.

Inventory:

Hand Weapons
 a - a +0 war axe (weapon)
 r - a +1 short sword of protection
Missiles
 h - 6 exploding tomahawks (quivered)
Armour
 b - a +0 scale mail (worn)
 c - a +0 shield (worn)
Wands
 q - a wand of flame (15)
Scrolls
 e - a scroll of identify
 k - 2 scrolls of remove curse {unknown}
 m - a scroll of amnesia {unknown}
 o - a scroll of fog {unknown}
 s - a scroll of enchant weapon {unknown}
 t - a scroll of noise {unknown}
Potions
 d - a potion of might
 i - a potion of curing
 j - a potion of berserk rage
 l - a potion of heal wounds {unknown}
 n - 2 potions of flight {unknown}
 p - a potion of lignification {unknown}
Comestibles
 f - 3 rations
 g - a chunk of flesh


   Skills:
 * Level 4.8 Fighting
 * Level 4.4 Axes
 * Level 4.2 Armour
 + Level 0.1 Dodging
 * Level 0.7 Stealth
 * Level 4.3 Shields


You had 4 spell levels left.
You didn't know any spells.
Your spell library was empty.

Dungeon Overview and Level Annotations

Branches:
Dungeon (3/15)

Altars:
Cheibriados
Makhleb
The Shining One


Message History

You kill the orc!
You slash the orc wizard!
You kill the orc wizard!
Your Axes skill increases to level 4!
You slash the dart slug!
You kill the dart slug!
You miss the orc wizard.
The orc wizard hits you but does no damage.
The orc priest threatens, "By the altar or by the axe, you will meet Beogh!"
You closely miss the orc wizard.
The orc wizard is severely wounded.
You closely miss the rat. You hit the orc priest. You barely miss the adder.
You block the adder's attack.
The orc priest hits you but does no damage.
You block the rat's attack.
The orc wizard points at you and mumbles some strange words.
The puff of frost hits you.
* * * LOW HITPOINT WARNING * * *
The adder bites you.
You die...

##+## ##...##
##.....## # #
##.......##
#...#.##oS.......#
......r@So.......+
....#.##o........#
. # ##.......##
##.....## ##...##
##+##


You could see an orc priest, an orc wizard, an adder, an orc, a ball python and
a rat.

Vanquished Creatures
  A scorpion (D:2)
  An orc wizard (D:3)
  A worker ant (D:2)
  3 adders (D:2)
  3 worms (D:2)
  2 dart slugs
  4 leopard geckos
  An orc (D:3)
  2 ball pythons
  A giant cockroach (D:1)
  8 goblins
  2 hobgoblins (D:1)
  5 jackals (D:1)
  3 bats
  A frilled lizard (D:2)
  5 kobolds
  3 rats
46 creatures vanquished.

Notes
Turn   | Place    | Note
-------+----------+-------------------------------------------
     0 | D:1      | Balder the Hill Orc Fighter began the quest for the Orb.
     0 | D:1      | Reached XP level 1. HP: 19/19 MP: 1/1
   154 | D:1      | Reached XP level 2. HP: 26/27 MP: 2/2
   233 | D:1      | Found a glowing golden altar of the Shining One.
   793 | D:2      | Reached XP level 3. HP: 32/33 MP: 3/3
   895 | D:2      | Found a snail-covered altar of Cheibriados.
   895 | D:2      | Found a burning altar of Makhleb.
  1271 | D:2      | Reached XP level 4. HP: 22/41 MP: 4/4
  1883 | D:2      | Reached XP level 5. HP: 43/47 MP: 5/5
  2374 | D:3      | HP: 1/70 [orc wizard/puff of frost (6)]
  2374 | D:3      | Slain by an adder

Skill      XL: |  1  2  3  4  5 |
---------------+----------------+-----
Fighting       | 4 |  4.8
Axes           | 3 4 |  4.4
Shields        | 4 |  4.3
Armour         | 4 |  4.2
Dodging        | |  0.1
Stealth        | |  0.7

Action                   |  1- 3 |  4- 6 || total
-------------------------+-------+-------++-------
Melee: War axe           |   121 |    57 ||   178
  Use: Potion            |       |     2 ||     2
       Scroll            |       |     1 ||     1
  Eat: Chunk             |     1 |     1 ||     2
       Ration            |       |     1 ||     1
Armor: Scale mail        |    58 |    28 ||    86
Dodge: Dodged            |    35 |    23 ||    58
Block: Shield            |    63 |    28 ||    91
